 Dungeon Crawl Stone Soup version 0.32-a0-20-ge526923d97 (console) character file.

Game seed: 13067241544360271531

2002 Zeia the Reanimator (level 9, -4/63 HPs)
             Began as a Demonspawn Necromancer on Jan 17, 2024.
             Slain by a gnoll
             ... wielding a +0 flail
             ... led by a gnoll sergeant
              (10 damage)
             ... on level 6 of the Dungeon.
             The game lasted 00:54:21 (9285 turns).

Zeia the Reanimator (Demonspawn Necromancer)        Turns: 9285, Time: 00:54:22

Health: -4/63      AC:  8    Str:  9    XL:     9   Next: 2%
Magic:  0/16       EV: 12    Int: 20    God:
Gold:   582        SH:  0    Dex: 16    Spells: 9/17 levels left

rFire   . . .        q - +2 short sword (protect)
rCold   . . .        (no shield)
rNeg    . . .        f - +1 robe "Reskof" {Fly Dex+3}
rPois   .            u - +1 hat
rElec   .            (no cloak)
rCorr   .            A - +0 pair of gloves
SInv    .            s - +0 pair of boots
Will    .....        (no amulet)
Stlth   ++           (no ring)
HPRegen 0.30/turn    (no ring)
MPRegen 0.30/turn

%: guardian spirit
@: flying, very slightly contaminated
A: molten scales 1, magic shield, magic regeneration
a: no special abilities


You were on level 6 of the Dungeon.
You visited 2 branches of the dungeon, and saw 8 of its levels.
You also visited: Ossuary.

You collected 582 gold pieces.

Inventory:

Hand Weapons
 d - a +0 whip
 q - a +2 short sword of protection (weapon)
 v - a +3 dagger
 B - a +0 vampiric dagger
Missiles
 i - 4 throwing nets
Armour
 a - a +0 robe
 f - the +1 robe "Reskof" (worn) {Fly Dex+3}
   (You found it on level 4 of the Dungeon)

   Dex+3:     It affects your dexterity (+3).
   Fly:       It grants you flight.
 s - a +0 pair of boots (worn)
 u - a +1 hat (worn)
 A - a +0 pair of gloves (worn)
 C - a +2 robe of willpower
Magical Staves
 p - a staff of fire
Jewellery
 k - a ring of fire
 t - a ring of fire
 z - a ring of ice
Wands
 y - a wand of mindburst (13)
Scrolls
 c - 5 scrolls of teleportation
 e - 2 scrolls of revelation
 g - 2 scrolls of identify
 j - a scroll of blinking
 n - a scroll of fog
 o - a scroll of enchant weapon
 r - a scroll of brand weapon {unknown}
 E - a scroll of amnesia
Potions
 b - 2 potions of magic
 h - a potion of heal wounds {unknown}
 l - a potion of enlightenment
 m - 7 potions of curing
 w - 2 potions of brilliance {unknown}
 H - 2 potions of berserk rage {unknown}


   Skills:
 - Level 3.0 Fighting
 + Level 2.8 Maces & Flails
 + Level 2.4 Armour
 - Level 1.7 Dodging
 - Level 1.7 Stealth
 - Level 4.7 Spellcasting
 - Level 11.0 Necromancy


You had 9 spell levels left.
You knew the following spells:

 Your Spells              Type           Power      Damage    Failure   Level
a - Necrotise             Necr           100%       1d9       1%          1
b - Animate Dead          Necr           48%        N/A       1%          4
c - Vampiric Draining     Necr           48%        2d9       1%          3

Your spell library contained the following spells:

 Spells                   Type           Power      Damage    Failure   Level
 Curse of Agony           Necr           48%        N/A       3%          5
 Shock                    Conj/Air       16%        1d4       12%         1
 Sting                    Conj/Alch      16%        1d4       12%         1
 Mercury Vapours          Alch/Air       8%         N/A       19%         2
 Gell's Gravitas          Tloc           4%         N/A       34%         3
 Swiftness                Air            4%         N/A       34%         3
 Teleport Other           Tloc           4%         N/A       34%         3
 Airstrike                Air            2%         2d(1-17)  75%         4
 Olgreb's Toxic Radiance  Alch           4%         N/A       75%         4
 Dispersal                Tloc           2%         N/A       100%        6


Dungeon Overview and Level Annotations

Branches:
Dungeon (7/15)             Temple (1/1) D:6         Ossuary (visited)

Altars:
Ashenzari
Cheibriados
Dithmenos
Gozag
Hepliaklqana
Makhleb
Okawaru
Ru
Sif Muna
Trog
Uskayaw
Vehumet
Wu Jian
Xom
Yredelemnul

Annotations:
D:1 exclusion: downstairs
D:2 exclusion: downstairs
D:3 1 runed translucent door, Crazy Yiuf; alsoq's ghost, amateur MiBe
D:5 exclusions: zombie and 1 more exclusion


Innate Abilities, Weirdness & Mutations

You are partially covered in molten scales. (AC +2)
When hurt, damage is shared between your health and your magic reserves.
You regenerate magic rapidly.


Message History

You draw life force from the gnoll!
You kill the gnoll!
You feel life coursing into your body. The gnoll barely misses you.
The gnoll sergeant hits you from afar with a +0 trident.
Casting: Vampiric Draining (safe; 1% risk of failure)
Confirm with . or Enter, or press ? or * to list all spells.
You can't see any susceptible monsters within range! (Use Z to cast anyway.) Unknown command.
Unknown command.
Unknown command.
Aiming: Necrotise (safe; 1% risk of failure)
Press: ? - help, Q - select action, (/) - cycle Shift-Dir - straight line, f - gnoll sergeant
Aim: a gnoll sergeant, wielding a +0 trident, wearing a +0 ring mail and wearing a +0 buckler (heavily wounded, chance to affect: 83%)
You miscast Necrotise.
You are very lightly contaminated with residual magic.
Nothing appears to happen.
The gnoll hits you from afar with a +0 halberd!
The gnoll sergeant closely misses you.
Aiming: Necrotise (safe; 1% risk of failure)
Press: ? - help, Q - select action, (/) - cycle Shift-Dir - straight line, f/p - gnoll sergeant
Aim: a gnoll sergeant, wielding a +0 trident, wearing a +0 ring mail and wearing a +0 buckler (heavily wounded, chance to affect: 83%)
The gnoll sergeant writhes in agony.
The gnoll hits you from afar with a +0 halberd!
The gnoll sergeant hits you from afar with a +0 trident!
* * * LOW HITPOINT WARNING * * *
The gnoll hits you from afar with a +0 halberd!
* * * LOW HITPOINT WARNING * * *
Your gnoll zombie hits the gnoll.
The gnoll sergeant hits you from afar with a +0 trident.
* * * LOW HITPOINT WARNING * * *
You fly upwards.
There is a stone staircase leading down here.
You feel better. The gnoll hits you with a +0 flail.
* * * LOW HITPOINT WARNING * * *
Aiming: Necrotise (safe; 1% risk of failure)
Press: ? - help, Q - select action, (/) - cycle Shift-Dir - straight line, f - gnoll
Aim: a gnoll, wielding a +0 flail (chance to affect: 88%)
The gnoll writhes in agony.
The gnoll hits you with a +0 flail!
You die...

#.Z######## #..#♣..≈≈§§≈..
#...Z.....# #######...♣.≈...§.§.
##....###.###.......##♣.≈.≈≈≈.≈.
####...ZZ......#####.##♣.≈≈...§§.
....)#####Z#####.......♣.§≈._.§≈§
.###.# #...# #.###.##♣.≈§...§≈§
.###.# #..Z# #.# #.##♣.≈§≈≈≈§≈.
..##.####...# #.# #...♣.≈.§§..≈.
........#...####.#####Z♣..≈≈§§≈..
..#####...........##....♣♣♣♣♣♣♣♣♣
..#...#.#...####@.##.#...#.#.....
..#...#.........g.##.##.##.#.....
..#...#....................>)....
..##'##....>.............#.#.....
........#...#####........#.#.....
##.#.####........)........<######
.....# #...######.......###
.##### #...# ##.##.#.#### .#
####...# #.#.......# .#
#......#### #.#....##.# ### .#
#.##......# #.#.##.##.###..


You could see a gnoll.

Vanquished Creatures
  Menkaure (D:4)
  A water moccasin (D:6)
  An ice beast (D:5)
  3 ogres
  2 centaurs
  A phantom (D:5)
  Blork the orc (D:6)
  A bullfrog (D:7)
  A gnoll sergeant (D:5)
  3 bombardier beetles
  A hound (D:4)
  A jelly (D:4)
  An orc priest (D:3)
  3 iguanas
  3 orc wizards
  8 mummies (Ossuary)
  14 gnolls
  6 adders
  2 ufetubi (D:6)
  2 dart slugs
  A ribbon worm (D:2)
  24 orcs
  6 ball pythons
  9 endoplasms
  3 giant cockroaches
  15 goblins
  8 hobgoblins
  12 jackals
  9 kobolds
  5 quokkas
  A ball python simulacrum (D:3)
  4 bats
  3 frilled lizards
  2 gnoll zombies (Ossuary)
  3 hobgoblin zombies (Ossuary)
  3 kobold zombies (Ossuary)
  2 quokka simulacra (D:3)
  4 rats
170 creatures vanquished.

Vanquished Creatures (collateral kills)
  An ogre (D:6)
  A bullfrog (D:7)
  An adder (D:5)
  2 gnolls
  A white imp (D:3)
  A dart slug (D:4)
  2 goblins (D:4)
  A hobgoblin (D:1)
  A ball python simulacrum (D:3)
  A frilled lizard (D:4)
12 creatures vanquished.

Vanquished Creatures (others)
  2 ogre zombies (D:6)
  An adder zombie (D:6)
3 creatures vanquished.

Grand Total: 185 creatures vanquished

Notes
Turn   | Place    | Note
-------+----------+-------------------------------------------
     0 | D:1      | Zeia the Demonspawn Necromancer began the quest for the
                  | Orb.
     0 | D:1      | Reached XP level 1. HP: 13/13 MP: 3/3
   266 | D:1      | Reached skill level 1 in Fighting
   346 | D:1      | Gained mutation: You regenerate magic rapidly. [demonic
                  | ancestry]
   346 | D:1      | Reached XP level 2. HP: 22/22 MP: 1/5
   820 | D:1      | Gained mutation: You are partially covered in molten
                  | scales. (AC +2) [demonic ancestry]
   820 | D:1      | Reached XP level 3. HP: 27/28 MP: 1/6
  2047 | D:2      | Reached XP level 4. HP: 35/35 MP: 2/7
  2088 | D:2      | HP: 1/35 [gnoll/+1 halberd of protection (10)]
  2494 | D:3      | HP: 1/35 [adder (3)]
  2687 | D:3      | Reached skill level 5 in Necromancy
  2863 | D:3      | Found a runed translucent gate.
  2863 | D:3      | Found a runed translucent gate.
  2863 | D:3      | Found a runed translucent gate.
  2887 | D:3      | Noticed alsoq's ghost (amateur MiBe)
  3157 | D:3      | Reached XP level 5. HP: 41/41 MP: 7/9
  3345 | D:3      | Noticed a centaur
  3367 | D:3      | Killed a centaur
  3493 | D:3      | Found a runed translucent door.
  3494 | D:3      | Noticed Crazy Yiuf
  3781 | D:3      | Reached XP level 6. HP: 47/47 MP: 8/13
  4436 | D:4      | Found a burning altar of Makhleb.
  4637 | D:4      | Reached skill level 1 in Maces & Flails
  4643 | D:4      | Learned a level 4 spell: Animate Dead
  4647 | D:4      | Learned a level 3 spell: Vampiric Draining
  4789 | D:4      | Identified the +1 robe "Reskof" {Fly Dex+3}
  4926 | D:4      | Reached skill level 6 in Necromancy
  5013 | D:4      | Found a sacrificial altar of Ru.
  5163 | D:4      | Gained mutation: When hurt, damage is shared between your
                  | health and your magic reserves. [demonic ancestry]
  5163 | D:4      | Reached XP level 7. HP: 50/52 MP: 7/14
  5455 | D:4      | Noticed Menkaure
  5485 | D:4      | Killed Menkaure
  5486 | D:4      | Reached skill level 7 in Necromancy
  5695 | D:4      | Found a bloodstained altar of Trog.
  5812 | D:5      | Entered Level 5 of the Dungeon
  5980 | D:5      | Found a shadowy altar of Dithmenos.
  6076 | D:5      | Reached skill level 8 in Necromancy
  6594 | D:5      | Reached XP level 8. HP: 48/58 MP: 6/15
  6735 | D:5      | Reached skill level 9 in Necromancy
  6983 | D:5      | Found an iron altar of Okawaru.
  7279 | D:6      | Found a staircase to the Ecumenical Temple.
  7314 | D:6      | Noticed Blork the orc
  7338 | D:6      | Killed Blork the orc
  7397 | D:6      | Reached skill level 10 in Necromancy
  7493 | D:6      | Found a shimmering blue altar of Sif Muna.
  7646 | D:6      | Found a sand-covered staircase.
  7651 | Ossuary  | Entered an ossuary
  8057 | Ossuary  | Reached skill level 11 in Necromancy
  8280 | Temple   | Entered the Ecumenical Temple
  8449 | D:6      | Reached skill level 1 in Armour
  9220 | D:7      | Reached XP level 9. HP: 59/63 MP: 10/16
  9282 | D:7      | HP: 3/63 [gnoll/+0 halberd[a gnoll sergeant] (9)]
  9285 | D:6      | Slain by a gnoll

Illustrated notes

Levels and vault maps discovered:
D:1:      dpeg_arrival_three_same_balls, layout_loops_corners, serial_forest,
          infiniplex_forest_clump_medium, infiniplex_forest_lined_4_way,
          infiniplex_forest_clump_small, infiniplex_forest_straight_3,
          infiniplex_forest_join
D:2:      layout_basic, serial_park_tiny_pond
D:3:      corexii_shack_village, layout_basic, gammafunk_ghost_icy,
          hangedman_glass_teeth, uniq_crazy_yiuf_cottage
D:4:      layout_basic, mainiacjoe_overflow_cross_hatched,
          nicolae_ru_great_annihilating_truth, kennysheep_little_box,
          uniq_menkaure
D:5:      layout_basic, kennysheep_okawaru_gauntlet, grunt_dithmenos_smoke,
          kennysheep_generic_room_16
D:6:      layout_loops_cross, mainiacjoe_overflow_paths,
          minmay_temple_entry_glass, enter_ossuary_2, uniq_blork_the_orc
D:7:      layout_layer_cave
Temple:   minmay_temple_curvy_loop

Skill      XL: |  1  2  3  4  5  6  7  8 |
---------------+-------------------------+-----
Fighting       | 1 2 3 |  3.0
Necromancy     | 5 6 8 11 | 11.0
Spellcasting   | 3 4 |  4.7
Maces & Flails | 1 2 |  2.8
Armour         | 2 |  2.4
Dodging        | |  1.7
Stealth        | |  1.7

Action                     |  1- 3 |  4- 6 |  7- 9 || total
---------------------------+-------+-------+-------++-------
  Melee: Whip              |    18 |       |       ||    18
         Short sword       |       |    14 |   241 ||   255
         Punch             |       |       |     5 ||     5
   Cast: Necrotise         |    85 |   180 |   138 ||   403
         Vampiric Draining |       |     2 |    20 ||    22
         Animate Dead      |       |       |     7 ||     7
    Use: Potion            |       |     5 |     2 ||     7
         Scroll            |       |     8 |     5 ||    13
 Armour: Robe              |    22 |    83 |   194 ||   299
         Skin              |       |     6 |       ||     6
  Dodge: Dodged            |    22 |    98 |   168 ||   288

Table legend: (Time is in decaauts)
 A = Elapsed time spent in this place.
 B = Non-inter-level travel time spent in this place.
 C = Inter-level travel time spent in this place.
 D = Time resting spent in this place.
 E = Time spent auto-exploring this place.
 F = Levels seen in this place.
 G = Mean time per level.
                   A        B        C        D        E       F      G
               +--------+--------+--------+--------+--------+-----+--------+
         Total |   9258 |   8908 |    350 |   2069 |   4304 |   9 | 1028.7 |
       Dungeon |   8542 |   8204 |    338 |   1837 |   4234 |   7 | 1220.3 |
        Temple |    100 |     88 |     12 |      0 |      0 |   1 |  100.0 |
       Ossuary |    614 |    614 |      0 |    232 |     70 |   1 |  614.0 |
               +--------+--------+--------+--------+--------+-----+--------+

Top non-repeatable levels by time:
     D:3: 1572 daAuts
     D:1: 1448 daAuts
     D:2: 1398 daAuts
     D:5: 1375 daAuts
     D:4: 1366 daAuts
     D:6: 1109 daAuts
 Ossuary: 614 daAuts
     D:7: 271 daAuts
  Temple: 100 daAuts
